 Dungeon Crawl Stone Soup version 0.31-a0-358-gac0dbeb3ab (webtiles) character file.

Game seed: 17583165747131788966

322 Dordric the Ruffian (level 6, -2/63 HPs)
             Began as a Vampire Shapeshifter on July 26, 2023.
             Succumbed to a gnoll's poison
             ... on level 3 of the Dungeon.
             The game lasted 00:03:57 (2822 turns).

Dordric the Ruffian (Vampire Shapeshifter)          Turns: 2822, Time: 00:03:58

Health: -2/63      AC:  5    Str: 16    XL:     6   Next: 22%
Magic:  6/6        EV: 11    Int: 11    God:
Gold:   127        SH:  0    Dex: 14    Spells: 5/5 levels left

rFire   + . .        p - +0 executioner's axe
rCold   . . .        (shield currently unavailable)
rNeg    . . .        g - +0 ring mail
rPois   .            (helmet currently unavailable)
rElec   .            (cloak currently unavailable)
rCorr   .            (gloves currently unavailable)
SInv    +            (boots currently unavailable)
Will    .....        (no amulet) Stlth
                     f - ring of protection from fire
HPRegen 0.50/turn    (no ring)
MPRegen 0.10/turn

%: no passive effects
@: berserking (expiring), lethally poisoned (-2 -> -10), beast-form, healing
quickly, slowed
A: beast (slay +3), alive, fangs 3, see invisible, vampiric 2
a: Exsanguinate, Begin Untransformation


You were on level 3 of the Dungeon.
You were a hulking beast.
You visited 1 branch of the dungeon, and saw 3 of its levels.

You collected 127 gold pieces.

Inventory:

Hand Weapons
 p - a +0 executioner's axe (weapon)
Armour
 a - a +0 animal skin
 e - a +0 cloak
 g - a +0 ring mail (worn)
 t - a +0 pair of boots
Jewellery
 f - a ring of protection from fire (left hand)
Talismans
 c - a beast talisman
Scrolls
 d - a scroll of revelation
 j - a scroll of poison
 n - a scroll of enchant weapon {unknown}
 o - a scroll of teleportation {unknown}
 q - a scroll of immolation {unknown}
 r - a scroll of vulnerability {unknown}
Potions
 b - a potion of lignification
 h - a potion of ambrosia {unknown}
 k - a potion of degeneration {unknown}
 l - a potion of berserk rage
 s - a potion of resistance {unknown}


   Skills:
 - Level 0.8 Fighting
 - Level 2.1 Dodging
 + Level 5.9 Unarmed Combat
 + Level 5.2 Shapeshifting


You had 5 spell levels left.
You didn't know any spells.
Your spell library contained the following spells:

 Spells                   Type           Power      Damage    Failure   Level
 Magic Dart               Conj           0%         1d3       56%         1
 Sandblast                Erth           0%         2d4       56%         1
 Blink                    Tloc           0%         N/A       71%         2
 Passwall                 Tmut/Erth      0%         N/A       71%         2
 Searing Ray              Conj           0%         2d4       71%         2
 Static Discharge         Conj/Air       0%         2-2/arc   71%         2
 Gell's Gravitas          Tloc           0%         N/A       90%         3
 Stone Arrow              Conj/Erth      0%         3d7       90%         3
 Teleport Other           Tloc           0%         N/A       90%         3
 Airstrike                Air            0%         2d(0-16)  100%        4
 Fulminant Prism          Conj/Hex       0%         3d5       100%        4
 Manifold Assault         Tloc           0%         N/A       100%        4
 Summon Lightning Spire   Summ/Air       0%         N/A       100%        4
 Dispersal                Tloc           0%         N/A       100%        6


Dungeon Overview and Level Annotations

Branches:
Dungeon (3/15)

Altars:

Annotations:
D:3 1 transporter


Innate Abilities, Weirdness & Mutations

You are a hulking beast.
Your limbs bulge with bestial killing power. (Slay +3)
Your natural rate of healing is accelerated.
You have razor-sharp teeth.
You have supernaturally acute eyesight. (SInv)
You are afflicted with vampirism and can become a bat while bloodless.


Message History

Mdonais's ghost barely misses you.
You feel sick.
You feel sick. Mdonais's ghost misses you.
You feel better. Mdonais's ghost misses you.
A red film seems to cover your vision as you go berserk!
You feel yourself moving faster!
You feel mighty! Mdonais's ghost closely misses you.
The gnoll hits you from afar with a +2 spear of venom.
* * * LOW HITPOINT WARNING * * *
You are poisoned.
Mdonais's ghost misses you.
You slash mdonais's ghost!
Mdonais's ghost is severely damaged.
You feel very sick. The gnoll closely misses you.
Mdonais's ghost stares at you and mumbles some strange words.
You resist with some effort. The gnoll barely misses you.
Mdonais's ghost hits you.
* * * LOW HITPOINT WARNING * * *
Mdonais's ghost freezes you.
* * * LOW HITPOINT WARNING * * *
You barely miss mdonais's ghost.
Mdonais's ghost is severely damaged.
You feel sick. The gnoll closely misses you.
Mdonais's ghost stares at you and mumbles some strange words.
You resist with some effort. The gnoll completely misses you.
Mdonais's ghost hits you.
* * * LOW HITPOINT WARNING * * *
Mdonais's ghost freezes you.
* * * LOW HITPOINT WARNING * * *
You closely miss mdonais's ghost.
Mdonais's ghost is severely damaged.
* * * LOW HITPOINT WARNING * * *
You feel sick. The gnoll hits you but does no damage.
You are lethally poisoned!
Mdonais's ghost casts a spell at you. You resist with some effort.
You slice mdonais's ghost!!
You destroy mdonais's ghost!
You die...

########################
#.............##############
###.#.........................
##.....≈≈≈≈≈≈≈≈≈≈≈...≈≈≈≈≈≈≈≈≈≈
###..##..≈≈≈≈≈≈≈≈≈≈≈...≈≈≈≈≈≈≈≈≈≈
....####.≈≈#####...........#####≈
##### #.≈≈#.#.#.###.§.###.#.#g#≈
#.≈≈#...###©#####.###...#≈
#.≈≈###g.h............###≈
#.≈≈.8#g##'###'######.#8.≈
#.≈≈.##.#P..#..8#$.$#.##.≈
#.÷~.#..'.....©⌠#:.$g.g#.~
##.≈≈.##.#...#..8#".$#.##.≈
#..≈≈.8#.##'###'######.#8.≈
#..≈≈###...............###≈
#..≈≈#...###.#####.###..g#≈
######..≈≈#.#!#.###.©.###.#.#.#≈


You could see 2 gnolls.

Vanquished Creatures
  Sigmund (D:3)
  A scorpion (D:2)
  The ghost of mdonais the Sneak, a weakling OpWn of Vehumet (D:3)
  A jelly (D:2)
  An adder (D:3)
  A dart slug (D:3)
  An orc (D:3)
  5 bats
  3 endoplasms
  3 giant cockroaches
  3 hobgoblins
  4 jackals (D:3)
  4 quokkas
  5 ball pythons
  2 frilled lizards
  8 goblins
  10 kobolds
  5 rats
59 creatures vanquished.

Notes
Turn   | Place    | Note
-------+----------+-------------------------------------------
     0 | D:1      | Dordric the Vampire Shapeshifter began the quest for the
                  | Orb.
     0 | D:1      | Reached XP level 1. HP: 14/14 MP: 1/1
   196 | D:1      | Reached XP level 2. HP: 20/20 MP: 2/2
  1047 | D:2      | Gained mutation: You are afflicted with vampirism and can
                  | become a bat while bloodless. [Vampire growth]
  1047 | D:2      | Reached XP level 3. HP: 13/25 MP: 3/3
  1885 | D:3      | Reached XP level 4. HP: 31/31 MP: 4/4
  1935 | D:3      | Noticed Sigmund
  1939 | D:3      | Noticed a scorpion
  1964 | D:2      | Killed a scorpion
  1965 | D:2      | Reached skill level 5 in Unarmed Combat
  1965 | D:2      | Reached XP level 5. HP: 2/36 MP: 5/5
  2058 | D:3      | Killed Sigmund
  2059 | D:3      | Reached skill level 5 in Shapeshifting
  2059 | D:3      | Reached XP level 6. HP: 32/42 MP: 6/6
  2416 | D:3      | Identified the +1 trident of Spontaneous Combustion {pain,
                  | +Blink Will- Str+3}
  2416 | D:3      | Identified the +1 buckler of the Butcher {rF+ Will+ Str+2
                  | Stlth+}
  2438 | D:3      | Found a transporter.
  2438 | D:3      | Found a transporter.
  2448 | D:3      | Noticed mdonais's ghost (weakling OpWn)
  2820 | D:3      | HP: 3/63 [mdonais's ghost (1)]
  2822 | D:3      | Killed mdonais's ghost
  2822 | D:3      | Succumbed to a gnoll's poison

Illustrated notes

Levels and vault maps discovered:
D:1:      minmay_arrival_doors, layout_basic
D:2:      layout_rooms, serial_co_window_serial, co_window_paths_b,
          co_window_corner_a, co_window_of_opportunity_a, co_window_paths_b,
          co_window_paths_b, co_window_paths_b, co_window_paths_b,
          co_window_of_opportunity_b, co_window_corner_ca, co_window_2corner,
          co_window_4corner_b, co_window_4corner_a, minmay_strange_pillars
D:3:      layout_rooms, gammafunk_ghost_gnarly_gnolls, uniq_sigmund

Skill      XL: |  1  2  3  4  5 |
---------------+----------------+-----
Unarmed Combat | 4 5 |  5.9
Shapeshifting  | 4 5 |  5.2
Fighting       | |  0.8
Dodging        | |  2.1

Action                     |  1- 3 |  4- 6 || total
---------------------------+-------+-------++-------
  Melee: Unarmed           |    84 |     2 ||    86
         Bite              |     4 |    11 ||    15
         Punch             |     1 |       ||     1
         Executioner's axe |       |    76 ||    76
    Use: Potion            |       |     3 ||     3
         Scroll            |       |     3 ||     3
 Armour: Ring mail         |    19 |    41 ||    60
         Animal skin       |     1 |       ||     1
  Dodge: Dodged            |    50 |    79 ||   129

Table legend: (Time is in decaauts)
 A = Elapsed time spent in this place.
 B = Non-inter-level travel time spent in this place.
 C = Inter-level travel time spent in this place.
 D = Time resting spent in this place.
 E = Time spent auto-exploring this place.
 F = Levels seen in this place.
 G = Mean time per level.
                   A        B        C        D        E       F      G
               +--------+--------+--------+--------+--------+-----+--------+
         Total |   2888 |   2774 |    114 |    155 |   2056 |   3 |  962.7 |
       Dungeon |   2888 |   2774 |    114 |    155 |   2056 |   3 |  962.7 |
               +--------+--------+--------+--------+--------+-----+--------+

Top non-repeatable levels by time:
     D:2: 1003 daAuts
     D:1: 970 daAuts
     D:3: 914 daAuts
